Workbook
Name __123Graph_XGRAPH3: [1]GDP!#REF!
Name aa: ('[2]1993'!$A$1:$IV$3,'[2]1993'!$A$1:$A$65536)
Name ad: '[3]МТР Газ України'!$B$1
Name as: '[4]МТР Газ України'!$B$1
Name asdf: [5]Inform!$E$6
Name asdfg: [5]Inform!$F$2
Name BuiltIn_Print_Area___1___1: #REF!
Name ClDate: [6]Inform!$E$6
Name ClDate_21: [7]Inform!$E$6
Name ClDate_25: [7]Inform!$E$6
Name ClDate_6: [8]Inform!$E$6
Name CompName: [6]Inform!$F$2
Name CompName_21: [7]Inform!$F$2
Name CompName_25: [7]Inform!$F$2
Name CompName_6: [8]Inform!$F$2
Name CompNameE: [6]Inform!$G$2
Name CompNameE_21: [7]Inform!$G$2
Name CompNameE_25: [7]Inform!$G$2
Name CompNameE_6: [8]Inform!$G$2
Name Cost_Category_National_ID: #REF!
Name Cе511: #REF!
Name d: '[9]МТР Газ України'!$B$4
Name dCPIb: [10]п!#REF!
Name dPPIb: [10]п!#REF!
Name ds: '[11]7 Інші витрати'!#REF!
Name Excel_BuiltIn_Database: '[12]Ener '!$A$1:$G$2645
Name Fact_Type_ID: #REF!
Name G: '[13]МТР Газ України'!$B$1
Name ij1sssss: '[14]7 Інші витрати'!#REF!
Name LastItem: [15]Лист1!$A$1
Name Load: '[16]МТР Газ України'!$B$4
Name Load_ID: '[17]МТР Газ України'!$B$4
Name Load_ID_10: '[18]7 Інші витрати'!#REF!
Name Load_ID_11: '[19]МТР Газ України'!$B$4
Name Load_ID_12: '[19]МТР Газ України'!$B$4
Name Load_ID_13: '[19]МТР Газ України'!$B$4
Name Load_ID_14: '[19]МТР Газ України'!$B$4
Name Load_ID_15: '[19]МТР Газ України'!$B$4
Name Load_ID_16: '[19]МТР Газ України'!$B$4
Name Load_ID_17: '[19]МТР Газ України'!$B$4
Name Load_ID_18: '[20]МТР Газ України'!$B$4
Name Load_ID_19: '[21]МТР Газ України'!$B$4
Name Load_ID_20: '[20]МТР Газ України'!$B$4
Name Load_ID_200: '[16]МТР Газ України'!$B$4
Name Load_ID_21: '[22]МТР Газ України'!$B$4
Name Load_ID_23: '[21]МТР Газ України'!$B$4
Name Load_ID_25: '[22]МТР Газ України'!$B$4
Name Load_ID_542: '[23]МТР Газ України'!$B$4
Name Load_ID_6: '[19]МТР Газ України'!$B$4
Name OpDate: [6]Inform!$E$5
Name OpDate_21: [7]Inform!$E$5
Name OpDate_25: [7]Inform!$E$5
Name OpDate_6: [8]Inform!$E$5
Name QR: [24]Inform!$E$5
Name qw: [5]Inform!$E$5
Name qwert: [5]Inform!$G$2
Name qwerty: '[4]МТР Газ України'!$B$4
Name ShowFil: ShowFil
Name SU_ID: #REF!
Name Time_ID: '[17]МТР Газ України'!$B$1

Sheet Осн. фін. пок.
F1: Додаток 2 до Порядку складання, затвердження та контролю виконання фінансового плану комунальних підприємств Ужгородської міської ради
F3: 2025 | G3: Рік | H3: Коди
A4: Підприємство | B4: КП "УККП" УМР | F4: 5448567 | G4: за ЄДРПОУ
A5: Організаційно-правова форма | B5: комунальне підприємство міста | F5: 32 | G5: за КОПФГ
A6: Територія | B6: ДМІ УМР | F6: 2110100000 | G6: за КОАТУУ
A7: Орган державного управління | B7: Житлово комунальне господарство | F7: 1009 | G7: за СПОДУ
A8: Галузь | B8: надання ритуальних послуг | G8: за ЗКГНГ
A9: Вид економічної діяльності | F9: 96.03 | G9: за КВЕД
A10: Одиниця виміру, тис. грн | F10: Стандарти звітності П(с)БОУ
A11: Форма власності | B11: комунальна | F11: Стандарти звітності МСФЗ
A12: Середньооблікова кількість штатних працівників | B12: 36
A13: Місцезнаходження | B13: м. Ужгород вул.Героїв,2
A14: Телефон
A15: Прізвище та ініціали керівника | B15: Сухолов А.Р.
A17: ЗВІТ
A18: ПРО ВИКОНАННЯ ФІНАНСОВОГО ПЛАНУ ПІДПРИЄМСТВА
A19: за 2025 рік
A20: (рік)
A22: Основні фінансові показники
A24: Найменування показника | B24: Код рядка | C24: Факт наростаючим підсумком з початку року | E24: Звітний період (рік)
C25: минулий рік | D25: поточний рік | E25: план | F25: факт | G25: відхилення, +/– | H25: виконання, %
A26: 1 | B26: 2 | C26: 3 | D26: 4 | E26: 5 | F26: 6 | G26: 7 | H26: 8
A27: І. Формування фінансових результатів
A28: Чистий дохід від реалізації продукції (товарів, робіт, послуг) | B28: 1000 | C28: 4387 | D28: 4685 | E28: 4100 | F28: 4685 | G28: =F28-E28 -> 585 | H28: =(F28/E28)*100 -> 114.26829
A29: Собівартість реалізованої продукції (товарів, робіт, послуг) | B29: 1010 | C29: -4185 | D29: -4479 | E29: -3545 | F29: -4478.7 | G29: =F29-E29 -> -933.7 | H29: =(F29/E29)*100 -> 126.3385
A30: Валовий прибуток/збиток | B30: 1020 | C30: 202 | D30: 207 | E30: 555 | F30: 207 | G30: =F30-E30 -> -348 | H30: =(F30/E30)*100 -> 37.297297
A31: Адміністративні витрати, у тому числі: | B31: 1030 | C31: ='I. Фін результат'!C18 -> 0 | D31: ='I. Фін результат'!D18 -> 0 | E31: ='I. Фін результат'!E18 -> 0 | F31: ='I. Фін результат'!F18 -> 0 | G31: =F31-E31 -> 0 | H31: =(F31/E31)*100 -> #DIV/0!
A32: витрати, пов'язані з використанням власних службових автомобілів | B32: 1031 | C32: ='I. Фін результат'!C19 -> ( ) | D32: ='I. Фін результат'!D19 -> ( ) | E32: ='I. Фін результат'!E19 -> ( ) | F32: ='I. Фін результат'!F19 -> ( ) | G32: =F32-E32 -> #VALUE! | H32: =(F32/E32)*100 -> #VALUE!
A33: витрати на оренду службових автомобілів | B33: 1032 | C33: ='I. Фін результат'!C20 -> ( ) | D33: ='I. Фін результат'!D20 -> ( ) | E33: ='I. Фін результат'!E20 -> ( ) | F33: ='I. Фін результат'!F20 -> ( ) | G33: =F33-E33 -> #VALUE! | H33: =(F33/E33)*100 -> #VALUE!
A34: витрати на консалтингові послуги | B34: 1033 | C34: ='I. Фін результат'!C21 -> ( ) | D34: ='I. Фін результат'!D21 -> ( ) | E34: ='I. Фін результат'!E21 -> ( ) | F34: ='I. Фін результат'!F21 -> ( ) | G34: =F34-E34 -> #VALUE! | H34: =(F34/E34)*100 -> #VALUE!
A35: витрати на страхові послуги | B35: 1034 | C35: ='I. Фін результат'!C22 -> ( ) | D35: ='I. Фін результат'!D22 -> ( ) | E35: ='I. Фін результат'!E22 -> ( ) | F35: ='I. Фін результат'!F22 -> ( ) | G35: =F35-E35 -> #VALUE! | H35: =(F35/E35)*100 -> #VALUE!
A36: витрати на аудиторські послуги | B36: 1035 | C36: ='I. Фін результат'!C23 -> ( ) | D36: ='I. Фін результат'!D23 -> ( ) | E36: ='I. Фін результат'!E23 -> ( ) | F36: ='I. Фін результат'!F23 -> ( ) | G36: =F36-E36 -> #VALUE! | H36: =(F36/E36)*100 -> #VALUE!
A37: Витрати на збут | B37: 1060 | C37: ='I. Фін результат'!C41 -> 0 | D37: ='I. Фін результат'!D41 -> 0 | E37: ='I. Фін результат'!E41 -> 0 | F37: ='I. Фін результат'!F41 -> 0 | G37: =F37-E37 -> 0 | H37: =(F37/E37)*100 -> #DIV/0!
A38: Інші операційні доходи, у тому числі: | B38: 1070 | C38: 68 | D38: 31 | E38: 156 | F38: 31 | G38: =F38-E38 -> -125 | H38: =(F38/E38)*100 -> 19.871795
A39: курсові різниці | B39: 1071 | C39: ='I. Фін результат'!C50 -> 0 | D39: ='I. Фін результат'!D50 -> 0 | E39: ='I. Фін результат'!E50 -> 0 | F39: ='I. Фін результат'!F50 -> 0 | G39: =F39-E39 -> 0 | H39: =(F39/E39)*100 -> #DIV/0!
A40: нетипові операційні доходи | B40: 1072 | C40: ='I. Фін результат'!C51 -> 0 | D40: ='I. Фін результат'!D51 -> 0 | E40: ='I. Фін результат'!E51 -> 0 | F40: ='I. Фін результат'!F51 -> 0 | G40: =F40-E40 -> 0 | H40: =(F40/E40)*100 -> #DIV/0!
A41: Інші операційні витрати, у тому числі: | B41: 1080 | C41: -143 | D41: -1867 | E41: -156 | F41: -1862.2 | G41: =F41-E41 -> -1706.2 | H41: =(F41/E41)*100 -> 1193.7179
A42: курсові різниці | B42: 1081 | C42: ='I. Фін результат'!C54 -> ( ) | D42: ='I. Фін результат'!D54 -> ( ) | E42: ='I. Фін результат'!E54 -> ( ) | F42: ='I. Фін результат'!F54 -> ( ) | G42: =F42-E42 -> #VALUE! | H42: =(F42/E42)*100 -> #VALUE!
A43: нетипові операційні витрати | B43: 1082 | C43: ='I. Фін результат'!C55 -> ( ) | D43: ='I. Фін результат'!D55 -> ( ) | E43: ='I. Фін результат'!E55 -> ( ) | F43: ='I. Фін результат'!F55 -> ( ) | G43: =F43-E43 -> #VALUE! | H43: =(F43/E43)*100 -> #VALUE!
A44: Фінансовий результат від операційної діяльності | B44: 1100 | C44: -127 | D44: -107 | E44: -555 | F44: -107.3 | G44: =F44-E44 -> 447.7 | H44: =(F44/E44)*100 -> 19.333333
A45: EBITDA | B45: 1310 | C45: ='I. Фін результат'!C89 -> #VALUE! | D45: ='I. Фін результат'!D89 -> #VALUE! | E45: ='I. Фін результат'!E89 -> #VALUE! | F45: ='I. Фін результат'!F89 -> #VALUE! | G45: =F45-E45 -> #VALUE! | H45: =(F45/E45)*100 -> #VALUE!
A46: Рентабельність EBITDA | B46: 5010 | C46: =(C45/C28)*100 -> #VALUE! | D46: =(D45/D28)*100 -> #VALUE! | E46: =(E45/E28)*100 -> #VALUE! | F46: =(F45/F28)*100 -> #VALUE! | G46: =F46-E46 -> #VALUE! | H46: =(F46/E46)*100 -> #VALUE!
A47: Дохід від участі в капіталі | B47: 1110 | C47: ='I. Фін результат'!C61 -> 0 | D47: ='I. Фін результат'!D61 -> 0 | E47: ='I. Фін результат'!E61 -> 0 | F47: ='I. Фін результат'!F61 -> 0 | G47: =F47-E47 -> 0 | H47: =(F47/E47)*100 -> #DIV/0!
A48: Втрати від участі в капіталі | B48: 1120 | C48: ='I. Фін результат'!C62 -> ( ) | D48: ='I. Фін результат'!D62 -> ( ) | E48: ='I. Фін результат'!E62 -> ( ) | F48: ='I. Фін результат'!F62 -> ( ) | G48: =F48-E48 -> #VALUE! | H48: =(F48/E48)*100 -> #VALUE!
A49: Інші фінансові доходи | B49: 1130 | C49: ='I. Фін результат'!C63 -> 0 | D49: ='I. Фін результат'!D63 -> 0 | E49: ='I. Фін результат'!E63 -> 0 | F49: ='I. Фін результат'!F63 -> 0 | G49: =F49-E49 -> 0 | H49: =(F49/E49)*100 -> #DIV/0!
A50: Фінансові витрати | B50: 1140 | C50: ='I. Фін результат'!C64 -> ( ) | D50: ='I. Фін результат'!D64 -> ( ) | E50: ='I. Фін результат'!E64 -> ( ) | F50: ='I. Фін результат'!F64 -> ( ) | G50: =F50-E50 -> #VALUE! | H50: =(F50/E50)*100 -> #VALUE!
A51: Інші доходи, усього, у тому числі: | B51: 1150 | C51: 7879 | D51: 13349.5 | E51: 11015 | F51: 13349.5 | G51: =F51-E51 -> 2334.5 | H51: =(F51/E51)*100 -> 121.19383
A52: курсові різниці | B52: 1151 | C52: ='I. Фін результат'!C66 -> 0 | D52: ='I. Фін результат'!D66 -> 0 | E52: ='I. Фін результат'!E66 -> 0 | F52: ='I. Фін результат'!F66 -> 0 | G52: =F52-E52 -> 0 | H52: =(F52/E52)*100 -> #DIV/0!
A53: Інші витрати, усього, у тому числі: | B53: 1160 | C53: -7879 | D53: -11612.2 | E53: -11015 | F53: -11612.2 | G53: =F53-E53 -> -597.2 | H53: =(F53/E53)*100 -> 105.4217
A54: курсові різниці | B54: 1161 | C54: ='I. Фін результат'!C69 -> 0 | D54: ='I. Фін результат'!D69 -> 0 | E54: ='I. Фін результат'!E69 -> 0 | F54: ='I. Фін результат'!F69 -> 0 | G54: =F54-E54 -> 0 | H54: =(F54/E54)*100 -> #DIV/0!
A55: Фінансовий результат до оподаткування | B55: 1170 | C55: 127 | D55: 107.3 | E55: 176 | F55: 107.3 | G55: =F55-E55 -> -68.7 | H55: =(F55/E55)*100 -> 60.965909
A56: Витрати з податку на прибуток | B56: 1180 | C56: -23 | D56: -19.3 | E56: -13 | F56: -19.3 | G56: =F56-E56 -> -6.3 | H56: =(F56/E56)*100 -> 148.46154
A57: Дохід з податку на прибуток | B57: 1181 | C57: ='I. Фін результат'!C73 -> 0 | D57: ='I. Фін результат'!D73 -> 0 | E57: ='I. Фін результат'!E73 -> 0 | F57: ='I. Фін результат'!F73 -> 0 | G57: =F57-E57 -> 0 | H57: =(F57/E57)*100 -> #DIV/0!
A58: Прибуток від припиненої діяльності після оподаткування | B58: 1190 | C58: ='I. Фін результат'!C74 -> 0 | D58: ='I. Фін результат'!D74 -> 0 | E58: ='I. Фін результат'!E74 -> 0 | F58: ='I. Фін результат'!F74 -> 0 | G58: =F58-E58 -> 0 | H58: =(F58/E58)*100 -> #DIV/0!
A59: Збиток від припиненої діяльності після оподаткування | B59: 1191 | C59: ='I. Фін результат'!C75 -> ( ) | D59: ='I. Фін результат'!D75 -> ( ) | E59: ='I. Фін результат'!E75 -> ( ) | F59: ='I. Фін результат'!F75 -> ( ) | G59: =F59-E59 -> #VALUE! | H59: =(F59/E59)*100 -> #VALUE!
A60: Чистий фінансовий результат | B60: 1200 | C60: 104 | D60: 88 | E60: 163 | F60: 88 | G60: =F60-E60 -> -75 | H60: =(F60/E60)*100 -> 53.98773
A61: Прибуток | B61: 1201 | C61: ='I. Фін результат'!C77 -> 0 | D61: ='I. Фін результат'!D77 -> 0 | E61: ='I. Фін результат'!E77 -> 0 | F61: ='I. Фін результат'!F77 -> 0 | G61: =F61-E61 -> 0 | H61: =(F61/E61)*100 -> #DIV/0!
A62: Збиток | B62: 1202 | C62: ='I. Фін результат'!C78 -> ( ) | D62: ='I. Фін результат'!D78 -> ( ) | E62: ='I. Фін результат'!E78 -> ( ) | F62: ='I. Фін результат'!F78 -> ( ) | G62: =F62-E62 -> #VALUE! | H62: =(F62/E62)*100 -> #VALUE!
A63: Усього доходів | B63: 1210 | C63: 12334 | D63: 18065.4 | E63: 11015 | F63: 18065.4 | G63: =F63-E63 -> 7050.4 | H63: =(F63/E63)*100 -> 164.00726
A64: Усього витрат | B64: 1220 | C64: -12207 | D64: -17958 | E64: -11015 | F64: -17958 | G64: =F64-E64 -> -6943 | H64: =(F64/E64)*100 -> 163.03223
A65: Неконтрольована частка | B65: 1230 | G65: =F65-E65 -> 0 | H65: =(F65/E65)*100 -> #DIV/0!
A66: Елементи операційних витрат | G66: =F66-E66 -> 0 | H66: =(F66/E66)*100 -> #DIV/0!
A67: Матеріальні витрати, у тому числі: | B67: 1400 | E67: ='I. Фін результат'!E91 -> 0 | F67: \ | G67: =F67-E67 -> #VALUE! | H67: =(F67/E67)*100 -> #VALUE!
A68: витрати на сировину та основні матеріали | B68: 1401 | C68: 765 | D68: 765 | E68: ='I. Фін результат'!E92 -> 0 | F68: 765 | G68: =F68-E68 -> 765 | H68: =(F68/E68)*100 -> #DIV/0!
A69: витрати на паливо та енергію | B69: 1402 | C69: 2011 | D69: 2011 | E69: ='I. Фін результат'!E93 -> 0 | F69: 2011 | G69: =F69-E69 -> 2011 | H69: =(F69/E69)*100 -> #DIV/0!
A70: Витрати на оплату праці | B70: 1410 | C70: 6460 | D70: 6460 | E70: ='I. Фін результат'!E94 -> 0 | F70: 6460 | G70: =F70-E70 -> 6460 | H70: =(F70/E70)*100 -> #DIV/0!
A71: Відрахування на соціальні заходи | B71: 1420 | C71: 1430 | D71: 1430 | E71: ='I. Фін результат'!E95 -> 0 | F71: 1430 | G71: =F71-E71 -> 1430 | H71: =(F71/E71)*100 -> #DIV/0!
A72: Амортизація | B72: 1430 | C72: 447 | D72: 447 | E72: ='I. Фін результат'!E96 -> 0 | F72: 447 | G72: =F72-E72 -> 447 | H72: =(F72/E72)*100 -> #DIV/0!
A73: Інші операційні витрати | B73: 1440 | C73: 143 | D73: 143 | E73: ='I. Фін результат'!E97 -> 0 | F73: 143 | G73: =F73-E73 -> 143 | H73: =(F73/E73)*100 -> #DIV/0!
A74: Усього | B74: 1450 | C74: =SUM(C67,C70,C71,C72,C73) -> 8480 | D74: =SUM(D67,D70,D71,D72,D73) -> 8480 | E74: =SUM(E67,E70,E71,E72,E73) -> 0 | F74: =SUM(F67,F70,F71,F72,F73) -> 8480 | G74: =F74-E74 -> 8480 | H74: =(F74/E74)*100 -> #DIV/0!
A75: IІ. Розрахунки з бюджетом
A76: Розподіл чистого прибутку
A77: Залишок нерозподіленого прибутку (непокритого збитку) на початок звітного періоду | B77: 2000 | C77: 501 | D77: 608 | E77: 102 | F77: 608 | G77: =F77-E77 -> 506 | H77: =(F77/E77)*100 -> 596.07843
A78: Нараховані до сплати відрахування частини чистого прибутку, усього, у тому числі: | B78: 2010 | C78: =SUM(C79:C80) -> 0 | D78: =SUM(D79:D80) -> 0 | E78: =SUM(E79:E80) -> 0 | F78: =SUM(F79:F80) -> 0 | G78: =F78-E78 -> 0 | H78: =(F78/E78)*100 -> #DIV/0!
A79: державними унітарними підприємствами та їх об'єднаннями до державного бюджету | B79: 2011 | C79: ='ІІ. Розр. з бюджетом'!C9 -> ( ) | D79: ='ІІ. Розр. з бюджетом'!D9 -> ( ) | E79: ='ІІ. Розр. з бюджетом'!E9 -> ( ) | F79: ='ІІ. Розр. з бюджетом'!F9 -> ( ) | G79: =F79-E79 -> #VALUE! | H79: =(F79/E79)*100 -> #VALUE!
A80: господарськими товариствами, у статутному капіталі яких більше 50 відсотків акцій (часток, паїв) належать державі, на виплату дивідендів | B80: 2012 | C80: ='ІІ. Розр. з бюджетом'!C10 -> ( ) | D80: ='ІІ. Розр. з бюджетом'!D10 -> ( ) | E80: ='ІІ. Розр. з бюджетом'!E10 -> ( ) | F80: ='ІІ. Розр. з бюджетом'!F10 -> ( ) | G80: =F80-E80 -> #VALUE! | H80: =(F80/E80)*100 -> #VALUE!
A81: у тому числі на державну частку | B81: 2012/1 | C81: ='ІІ. Розр. з бюджетом'!C11 -> ( ) | D81: ='ІІ. Розр. з бюджетом'!D11 -> ( ) | E81: ='ІІ. Розр. з бюджетом'!E11 -> ( ) | F81: ='ІІ. Розр. з бюджетом'!F11 -> ( ) | G81: =F81-E81 -> #VALUE! | H81: =(F81/E81)*100 -> #VALUE!
A82: Перенесено з додаткового капіталу | B82: 2020 | C82: ='ІІ. Розр. з бюджетом'!C12 -> 0 | D82: ='ІІ. Розр. з бюджетом'!D12 -> 0 | E82: ='ІІ. Розр. з бюджетом'!E12 -> 0 | F82: ='ІІ. Розр. з бюджетом'!F12 -> 0 | G82: =F82-E82 -> 0 | H82: =(F82/E82)*100 -> #DIV/0!
A83: Розвиток виробництва | B83: 2030 | C83: ='ІІ. Розр. з бюджетом'!C13 -> ( ) | D83: ='ІІ. Розр. з бюджетом'!D13 -> ( ) | E83: ='ІІ. Розр. з бюджетом'!E13 -> ( ) | F83: ='ІІ. Розр. з бюджетом'!F13 -> ( ) | G83: =F83-E83 -> #VALUE! | H83: =(F83/E83)*100 -> #VALUE!
A84: Резервний фонд | B84: 2040 | C84: ='ІІ. Розр. з бюджетом'!C15 -> ( ) | D84: ='ІІ. Розр. з бюджетом'!D15 -> ( ) | E84: ='ІІ. Розр. з бюджетом'!E15 -> ( ) | F84: ='ІІ. Розр. з бюджетом'!F15 -> ( ) | G84: =F84-E84 -> #VALUE! | H84: =(F84/E84)*100 -> #VALUE!
A85: Інші фонди | B85: 2050 | C85: ='ІІ. Розр. з бюджетом'!C16 -> ( ) | D85: ='ІІ. Розр. з бюджетом'!D16 -> ( ) | E85: ='ІІ. Розр. з бюджетом'!E16 -> ( ) | F85: ='ІІ. Розр. з бюджетом'!F16 -> ( ) | G85: =F85-E85 -> #VALUE! | H85: =(F85/E85)*100 -> #VALUE!
A86: Інші цілі | B86: 2060 | C86: ='ІІ. Розр. з бюджетом'!C17 -> ( ) | D86: ='ІІ. Розр. з бюджетом'!D17 -> ( ) | E86: ='ІІ. Розр. з бюджетом'!E17 -> ( ) | F86: ='ІІ. Розр. з бюджетом'!F17 -> ( ) | G86: =F86-E86 -> #VALUE! | H86: =(F86/E86)*100 -> #VALUE!
A87: Залишок нерозподіленого прибутку (непокритого збитку) на кінець звітного періоду | B87: 2070 | C87: 605 | D87: 696 | E87: 265 | F87: 696 | G87: =F87-E87 -> 431 | H87: =(F87/E87)*100 -> 262.64151
A88: Сплата податків, зборів та інших обов'язкових платежів
A89: Сплата податків та зборів до Державного бюджету України (податкові платежі), усього, у тому числі: | B89: 2110 | C89: 22.8 | D89: 19.3 | E89: 15 | F89: 19 | G89: =F89-E89 -> 4 | H89: =(F89/E89)*100 -> 126.66667
A90: податок на прибуток підприємств | B90: 2111 | C90: 23 | D90: 19 | E90: 15 | F90: 19 | G90: =F90-E90 -> 4 | H90: =(F90/E90)*100 -> 126.66667
A91: ПДВ, що підлягає сплаті до бюджету за підсумками звітного періоду | B91: 2112 | C91: ='ІІ. Розр. з бюджетом'!C22 -> 0 | D91: ='ІІ. Розр. з бюджетом'!D22 -> 0 | E91: ='ІІ. Розр. з бюджетом'!E22 -> 0 | F91: ='ІІ. Розр. з бюджетом'!F22 -> 0 | G91: =F91-E91 -> 0 | H91: =(F91/E91)*100 -> #DIV/0!
A92: ПДВ, що підлягає відшкодуванню з бюджету за підсумками звітного періоду | B92: 2113 | C92: ='ІІ. Розр. з бюджетом'!C23 -> ( ) | D92: ='ІІ. Розр. з бюджетом'!D23 -> ( ) | E92: ='ІІ. Розр. з бюджетом'!E23 -> ( ) | F92: ='ІІ. Розр. з бюджетом'!F23 -> ( ) | G92: =F92-E92 -> #VALUE! | H92: =(F92/E92)*100 -> #VALUE!
A93: акцизний податок | B93: 2114 | C93: ='ІІ. Розр. з бюджетом'!C24 -> 0 | D93: ='ІІ. Розр. з бюджетом'!D24 -> 0 | E93: ='ІІ. Розр. з бюджетом'!E24 -> 0 | F93: ='ІІ. Розр. з бюджетом'!F24 -> 0 | H93: =(F93/E93)*100 -> #DIV/0!
A94: відрахування частини чистого прибутку державними унітарними підприємствами та їх об'єднаннями | B94: 2115 | C94: ='ІІ. Розр. з бюджетом'!C25 -> 0 | D94: ='ІІ. Розр. з бюджетом'!D25 -> 0 | E94: ='ІІ. Розр. з бюджетом'!E25 -> 0 | F94: ='ІІ. Розр. з бюджетом'!F25 -> 0 | H94: =(F94/E94)*100 -> #DIV/0!
A95: рентна плата за транспортування | B95: 2116 | C95: ='ІІ. Розр. з бюджетом'!C26 -> 0 | D95: ='ІІ. Розр. з бюджетом'!D26 -> 0 | E95: ='ІІ. Розр. з бюджетом'!E26 -> 0 | F95: ='ІІ. Розр. з бюджетом'!F26 -> 0 | H95: =(F95/E95)*100 -> #DIV/0!
A96: рентна плата за користування надрами | B96: 2117 | C96: ='ІІ. Розр. з бюджетом'!C27 -> 0 | D96: ='ІІ. Розр. з бюджетом'!D27 -> 0 | E96: ='ІІ. Розр. з бюджетом'!E27 -> 0 | F96: ='ІІ. Розр. з бюджетом'!F27 -> 0 | H96: =(F96/E96)*100 -> #DIV/0!
A97: Сплата податків та зборів до місцевих бюджетів (податкові платежі) | B97: 2120 | C97: 16 | D97: 0 | E97: 20 | G97: =F97-E97 -> -20 | H97: =(F97/E97)*100 -> 0
A98: Інші податки, збори та платежі на користь держави, усього, у тому числі: | B98: 2130 | C98: ='ІІ. Розр. з бюджетом'!C35 -> 0 | D98: ='ІІ. Розр. з бюджетом'!D35 -> 0 | E98: ='ІІ. Розр. з бюджетом'!E35 -> 0 | F98: ='ІІ. Розр. з бюджетом'!F35 -> 0 | G98: =F98-E98 -> 0 | H98: =(F98/E98)*100 -> #DIV/0!
A99: відрахування частини чистого прибутку господарськими товариствами, у статутному капіталі яких більше 50 відсотків акцій (часток, паїв) належать державі, на виплату дивідендів на державну частку | B99: 2131 | C99: ='ІІ. Розр. з бюджетом'!C36 -> 0 | D99: ='ІІ. Розр. з бюджетом'!D36 -> 0 | E99: ='ІІ. Розр. з бюджетом'!E36 -> 0 | F99: ='ІІ. Розр. з бюджетом'!F36 -> 0 | G99: =F99-E99 -> 0 | H99: =(F99/E99)*100 -> #DIV/0!
A100: єдиний внесок на загальнообов'язкове державне соціальне страхування | B100: 2133 | C100: ='ІІ. Розр. з бюджетом'!C38 -> 0 | D100: ='ІІ. Розр. з бюджетом'!D38 -> 0 | E100: ='ІІ. Розр. з бюджетом'!E38 -> 0 | F100: ='ІІ. Розр. з бюджетом'!F38 -> 0 | G100: =F100-E100 -> 0 | H100: =(F100/E100)*100 -> #DIV/0!
A101: Усього виплат на користь держави | B101: 2200 | C101: 39 | D101: 19 | E101: 35 | F101: 19 | H101: =(F101/E101)*100 -> 54.285714
A102: IІІ. Рух грошових коштів
A103: Залишок коштів на початок періоду | B103: 3405 | C103: 996 | D103: 649 | E103: 260 | F103: 649 | G103: =F103-E103 -> 389 | H103: =(F103/E103)*100 -> 249.61538
A104: Цільове фінансування | B104: 3030 | C104: 14215 | D104: 11482 | F104: 11482 | H104: =(F104/E104)*100 -> #DIV/0!
...

Sheet I. Фін результат
A1: І. Формування фінансових результатів
A3: Найменування показника | B3: Код рядка | C3: Факт наростаючим підсумком з початку року | E3: Звітний період (рік)
C4: минулий рік | D4: поточний рік | E4: план | F4: факт | G4: відхилення, +/– | H4: виконання, % | I4: пояснення та обґрунтування відхилення від запланованого рівня доходів/витрат
A5: 1 | B5: 2 | C5: 3 | D5: 4 | E5: 5 | F5: 6 | G5: 7 | H5: 8 | I5: 9
A6: Доходи і витрати (деталізація)
A7: Чистий дохід від реалізації продукції (товарів, робіт, послуг) | B7: 1000 | C7: 4387 | D7: 4685 | E7: 4100 | F7: 4685 | G7: =F7-E7 -> 585 | H7: =(F7/E7)*100 -> 114.26829
A8: Собівартість реалізованої продукції (товарів, робіт, послуг) | B8: 1010 | C8: -4185 | D8: -4479 | E8: -3545 | F8: -4479 | G8: =F8-E8 -> -934 | H8: =(F8/E8)*100 -> 126.34697
A9: Витрати на сировину та основні матеріали | B9: 1011 | C9: -645 | D9: -710 | E9: -1720 | F9: -710 | G9: =F9-E9 -> 1010 | H9: =(F9/E9)*100 -> 41.27907
A10: витрати на паливо | B10: 1012 | C10: -364 | D10: -413 | E10: -90 | F10: -413 | G10: =F10-E10 -> -323 | H10: =(F10/E10)*100 -> 458.88889
A11: Витрати на електроенергію | B11: 1013 | C11: -81 | D11: -96 | E11: -35 | F11: -96 | G11: =F11-E11 -> -61 | H11: =(F11/E11)*100 -> 274.28571
A12: Витрати на оплату праці | B12: 1014 | C12: -2537 | D12: -2672 | E12: -1680 | F12: -2672 | G12: =F12-E12 -> -992 | H12: =(F12/E12)*100 -> 159.04762
A13: Відрахування на соціальні заходи | B13: 1015 | C13: -558 | D13: -588 | E13: -20 | F13: -588 | G13: =F13-E13 -> -568 | H13: =(F13/E13)*100 -> 2940
A14: Витрати, що здійснюються для підтримання об’єкта в робочому стані (проведення ремонту, технічного огляду, нагляду, обслуговування тощо) | B14: 1016 | C14: ( ) | D14: ( ) | E14: ( ) | F14: ( ) | G14: =F14-E14 -> #VALUE! | H14: =(F14/E14)*100 -> #VALUE!
A15: Амортизація основних засобів і нематеріальних активів | B15: 1017 | C15: ( ) | D15: ( ) | E15: ( ) | F15: ( ) | G15: =F15-E15 -> #VALUE! | H15: =(F15/E15)*100 -> #VALUE!
A16: Інші витрати (розшифрувати) | B16: 1018 | C16: ( ) | D16: ( ) | E16: ( ) | F16: ( ) | G16: =F16-E16 -> #VALUE! | H16: =(F16/E16)*100 -> #VALUE!
A17: Валовий прибуток (збиток) | B17: 1020 | C17: 202 | D17: 207 | E17: 555 | F17: 207 | G17: =F17-E17 -> -348 | H17: =(F17/E17)*100 -> 37.297297
A18: Адміністративні витрати, у тому числі: | B18: 1030 | C18: =SUM(C19:C38,C40) -> 0 | D18: =SUM(D19:D38,D40) -> 0 | E18: =SUM(E19:E38,E40) -> 0 | F18: =SUM(F19:F38,F40) -> 0 | G18: =F18-E18 -> 0 | H18: =(F18/E18)*100 -> #DIV/0!
A19: витрати, пов'язані з використанням власних службових автомобілів | B19: 1031 | C19: ( ) | D19: ( ) | E19: ( ) | F19: ( ) | G19: =F19-E19 -> #VALUE! | H19: =(F19/E19)*100 -> #VALUE!
A20: витрати на оренду службових автомобілів | B20: 1032 | C20: ( ) | D20: ( ) | E20: ( ) | F20: ( ) | G20: =F20-E20 -> #VALUE! | H20: =(F20/E20)*100 -> #VALUE!
A21: витрати на консалтингові послуги | B21: 1033 | C21: ( ) | D21: ( ) | E21: ( ) | F21: ( ) | G21: =F21-E21 -> #VALUE! | H21: =(F21/E21)*100 -> #VALUE!
A22: витрати на страхові послуги | B22: 1034 | C22: ( ) | D22: ( ) | E22: ( ) | F22: ( ) | G22: =F22-E22 -> #VALUE! | H22: =(F22/E22)*100 -> #VALUE!
A23: витрати на аудиторські послуги | B23: 1035 | C23: ( ) | D23: ( ) | E23: ( ) | F23: ( ) | G23: =F23-E23 -> #VALUE! | H23: =(F23/E23)*100 -> #VALUE!
A24: витрати на службові відрядження | B24: 1036 | C24: ( ) | D24: ( ) | E24: ( ) | F24: ( ) | G24: =F24-E24 -> #VALUE! | H24: =(F24/E24)*100 -> #VALUE!
A25: витрати на зв’язок | B25: 1037 | C25: ( ) | D25: ( ) | E25: ( ) | F25: ( ) | G25: =F25-E25 -> #VALUE! | H25: =(F25/E25)*100 -> #VALUE!
A26: витрати на оплату праці | B26: 1038 | C26: ( ) | D26: ( ) | E26: ( ) | F26: ( ) | G26: =F26-E26 -> #VALUE! | H26: =(F26/E26)*100 -> #VALUE!
A27: відрахування на соціальні заходи | B27: 1039 | C27: ( ) | D27: ( ) | E27: ( ) | F27: ( ) | G27: =F27-E27 -> #VALUE! | H27: =(F27/E27)*100 -> #VALUE!
A28: амортизація основних засобів і нематеріальних активів загальногосподарського призначення | B28: 1040 | C28: ( ) | D28: ( ) | E28: ( ) | F28: ( ) | G28: =F28-E28 -> #VALUE! | H28: =(F28/E28)*100 -> #VALUE!
A29: витрати на операційну оренду основних засобів та роялті, що мають загальногосподарське призначення | B29: 1041 | C29: ( ) | D29: ( ) | E29: ( ) | F29: ( ) | G29: =F29-E29 -> #VALUE! | H29: =(F29/E29)*100 -> #VALUE!
A30: витрати на страхування майна загальногосподарського призначення | B30: 1042 | C30: ( ) | D30: ( ) | E30: ( ) | F30: ( ) | G30: =F30-E30 -> #VALUE! | H30: =(F30/E30)*100 -> #VALUE!
... A38: витрати на утримання основних фондів, інших необоротних активів загальногосподарського використання, у тому числі: | B38: 1050 | C38: ( ) | D38: ( ) | E38: ( ) | F38: ( ) | G38: =F38-E38 -> #VALUE! | H38: =(F38/E38)*100 -> #VALUE!
A39: витрати на поліпшення основних фондів | B39: 1050/1 | C39: ( ) | D39: ( ) | E39: ( ) | F39: ( ) | G39: =F39-E39 -> #VALUE! | H39: =(F39/E39)*100 -> #VALUE!
A40: інші адміністративні витрати (розшифрувати) | B40: 1051 | C40: ( ) | D40: ( ) | E40: ( ) | F40: ( ) | G40: =F40-E40 -> #VALUE! | H40: =(F40/E40)*100 -> #VALUE!
A41: Витрати на збут, у тому числі: | B41: 1060 | C41: =SUM(C42:C48) -> 0 | D41: =SUM(D42:D48) -> 0 | E41: =SUM(E42:E48) -> 0 | F41: =SUM(F42:F48) -> 0 | G41: =F41-E41 -> 0 | H41: =(F41/E41)*100 -> #DIV/0!
A42: транспортні витрати | B42: 1061 | C42: ( ) | D42: ( ) | E42: ( ) | F42: ( ) | G42: =F42-E42 -> #VALUE! | H42: =(F42/E42)*100 -> #VALUE!
A43: витрати на зберігання та упаковку | B43: 1062 | C43: ( ) | D43: ( ) | E43: ( ) | F43: ( ) | G43: =F43-E43 -> #VALUE! | H43: =(F43/E43)*100 -> #VALUE!
A44: витрати на оплату праці | B44: 1063 | C44: ( ) | D44: ( ) | E44: ( ) | F44: ( ) | G44: =F44-E44 -> #VALUE! | H44: =(F44/E44)*100 -> #VALUE!
A45: відрахування на соціальні заходи | B45: 1064 | C45: ( ) | D45: ( ) | E45: ( ) | F45: ( ) | G45: =F45-E45 -> #VALUE! | H45: =(F45/E45)*100 -> #VALUE!
A46: амортизація основних засобів і нематеріальних активів | B46: 1065 | C46: ( ) | D46: ( ) | E46: ( ) | F46: ( ) | G46: =F46-E46 -> #VALUE! | H46: =(F46/E46)*100 -> #VALUE!
A47: витрати на рекламу | B47: 1066 | C47: ( ) | D47: ( ) | E47: ( ) | F47: ( ) | G47: =F47-E47 -> #VALUE! | H47: =(F47/E47)*100 -> #VALUE!
A48: інші витрати на збут (розшифрувати) | B48: 1067 | C48: ( ) | D48: ( ) | E48: ( ) | F48: ( ) | G48: =F48-E48 -> #VALUE! | H48: =(F48/E48)*100 -> #VALUE!
A49: Інші операційні доходи, усього, у тому числі: | B49: 1070 | C49: 68 | D49: 31 | E49: 156 | F49: 31 | G49: =F49-E49 -> -125 | H49: =(F49/E49)*100 -> 19.871795
A50: курсові різниці | B50: 1071 | G50: =F50-E50 -> 0 | H50: =(F50/E50)*100 -> #DIV/0!
A51: нетипові операційні доходи (розшифрувати) | B51: 1072 | G51: =F51-E51 -> 0 | H51: =(F51/E51)*100 -> #DIV/0!
A52: інші операційні доходи (розшифрувати) | B52: 1073 | C52: 68 | D52: 31 | E52: 156 | F52: 31 | G52: =F52-E52 -> -125 | H52: =(F52/E52)*100 -> 19.871795
A53: Інші операційні витрати, усього, у тому числі: | B53: 1080 | C53: -143 | D53: -1867 | E53: -156 | F53: -1867 | G53: =F53-E53 -> -1711 | H53: =(F53/E53)*100 -> 1196.7949
A54: курсові різниці | B54: 1081 | C54: ( ) | D54: ( ) | E54: ( ) | F54: ( ) | G54: =F54-E54 -> #VALUE! | H54: =(F54/E54)*100 -> #VALUE!
A55: нетипові операційні витрати (розшифрувати) | B55: 1082 | C55: ( ) | D55: ( ) | E55: ( ) | F55: ( ) | G55: =F55-E55 -> #VALUE! | H55: =(F55/E55)*100 -> #VALUE!
A56: витрати на благодійну допомогу | B56: 1083 | C56: ( ) | D56: ( ) | E56: ( ) | F56: ( ) | G56: =F56-E56 -> #VALUE! | H56: =(F56/E56)*100 -> #VALUE!
A57: відрахування до резерву сумнівних боргів | B57: 1084 | C57: ( ) | D57: ( ) | E57: ( ) | F57: ( ) | G57: =F57-E57 -> #VALUE! | H57: =(F57/E57)*100 -> #VALUE!
A58: відрахування до недержавних пенсійних фондів | B58: 1085 | C58: ( ) | D58: ( ) | E58: ( ) | F58: ( ) | G58: =F58-E58 -> #VALUE! | H58: =(F58/E58)*100 -> #VALUE!
A59: інші операційні витрати (розшифрувати) | B59: 1086 | C59: -143 | D59: -1867 | E59: -156 | F59: -1864 | G59: =F59-E59 -> -1708 | H59: =(F59/E59)*100 -> 1194.8718
A60: Фінансовий результат від операційної діяльності | B60: 1100 | C60: -127 | D60: -1630 | E60: -555 | F60: -1630 | G60: =F60-E60 -> -1075 | H60: =(F60/E60)*100 -> 293.69369
A61: Дохід від участі в капіталі (розшифрувати) | B61: 1110 | G61: =F61-E61 -> 0 | H61: =(F61/E61)*100 -> #DIV/0!
A62: Втрати від участі в капіталі (розшифрувати) | B62: 1120 | C62: ( ) | D62: ( ) | E62: ( ) | F62: ( ) | G62: =F62-E62 -> #VALUE! | H62: =(F62/E62)*100 -> #VALUE!
A63: Інші фінансові доходи (розшифрувати) | B63: 1130 | G63: =F63-E63 -> 0 | H63: =(F63/E63)*100 -> #DIV/0!
A64: Фінансові витрати (розшифрувати) | B64: 1140 | C64: ( ) | D64: ( ) | E64: ( ) | F64: ( ) | G64: =F64-E64 -> #VALUE! | H64: =(F64/E64)*100 -> #VALUE!
A65: Інші доходи, усього, у тому числі: | B65: 1150 | C65: 7879 | D65: 13359 | E65: 11014.8 | F65: 13350 | G65: =F65-E65 -> 2335.2 | H65: =(F65/E65)*100 -> 121.20057
A66: курсові різниці | B66: 1151 | G66: =F66-E66 -> 0 | H66: =(F66/E66)*100 -> #DIV/0!
A67: інші доходи (розшифрувати) Бюджетне фінансування; дохід від нарахованої амортизації | B67: 1152 | C67: 7879 | D67: 13350 | E67: 11014.8 | F67: 13350 | H67: =(F67/E67)*100 -> 121.20057
A68: Інші витрати, усього, у тому числі: | B68: 1160 | C68: -7870 | D68: -11612 | E68: -11014.8 | F68: -11612 | G68: =F68-E68 -> -597.2 | H68: =(F68/E68)*100 -> 105.4218
A69: курсові різниці | B69: 1161 | H69: =(F69/E69)*100 -> #DIV/0!
A70: інші витрати (розшифрувати) | B70: 1162 | C70: -7879 | D70: -11612 | E70: -11014.8 | F70: -11612 | G70: =F70-E70 -> -597.2 | H70: =(F70/E70)*100 -> 105.4218
A71: Фінансовий результат до оподаткування | B71: 1170 | C71: 127 | D71: 107 | E71: 176 | F71: 107 | G71: =F71-E71 -> -69 | H71: =(F71/E71)*100 -> 60.795455
A72: Витрати з податку на прибуток | B72: 1180 | C72: -23 | D72: -19 | E72: -13 | F72: -19 | G72: =F72-E72 -> -6 | H72: =(F72/E72)*100 -> 146.15385
A73: Дохід з податку на прибуток | B73: 1181 | H73: =(F73/E73)*100 -> #DIV/0!
A74: Прибуток від припиненої діяльності після оподаткування | B74: 1190 | H74: =(F74/E74)*100 -> #DIV/0!
A75: Збиток від припиненої діяльності після оподаткування | B75: 1191 | C75: ( ) | D75: ( ) | E75: ( ) | F75: ( ) | G75: =F75-E75 -> #VALUE! | H75: =(F75/E75)*100 -> #VALUE!
A76: Чистий фінансовий результат, у тому числі: | B76: 1200 | C76: 104 | D76: 88 | E76: 163 | F76: 88 | G76: =F76-E76 -> -75 | H76: =(F76/E76)*100 -> 53.98773
A77: прибуток | B77: 1201 | G77: =F77-E77 -> 0 | H77: =(F77/E77)*100 -> #DIV/0!
A78: збиток | B78: 1202 | C78: ( ) | D78: ( ) | E78: ( ) | F78: ( ) | G78: =F78-E78 -> #VALUE! | H78: =(F78/E78)*100 -> #VALUE!
A79: Усього доходів | B79: 1210 | C79: 12334 | D79: 18065 | E79: 15270.8 | F79: 18065 | G79: =F79-E79 -> 2794.2 | H79: =(F79/E79)*100 -> 118.29767
A80: Усього витрат | B80: 1220 | C80: -12230 | D80: -17977 | E80: -14728 | F80: -17977 | G80: =F80-E80 -> -3249 | H80: =(F80/E80)*100 -> 122.06002
A81: Неконтрольована частка | B81: 1230 | G81: =F81-E81 -> 0 | H81: =(F81/E81)*100 -> #DIV/0!
A82: Розрахунок показника EBITDA
A83: Фінансовий результат від операційної діяльності, рядок 1100 | B83: 1300 | C83: -127 | D83: -1630 | E83: -555 | F83: -1630 | G83: =F83-E83 -> -1075 | H83: =(F83/E83)*100 -> 293.69369
A84: плюс амортизація, рядок 1430 | B84: 1301 | C84: =C96 -> 0 | D84: =D96 -> 0 | E84: =E96 -> 0 | F84: =F96 -> 0 | G84: =F84-E84 -> 0 | H84: =(F84/E84)*100 -> #DIV/0!
A85: мінус операційні доходи від курсових різниць, рядок 1071 | B85: 1302 | C85: =C50 -> 0 | D85: =D50 -> 0 | E85: =E50 -> 0 | F85: =F50 -> 0 | G85: =F85-E85 -> 0 | H85: =(F85/E85)*100 -> #DIV/0!
A86: плюс операційні витрати від курсових різниць, рядок 1081 | B86: 1303 | C86: =C54 -> ( ) | D86: =D54 -> ( ) | E86: =E54 -> ( ) | F86: =F54 -> ( ) | G86: =F86-E86 -> #VALUE! | H86: =(F86/E86)*100 -> #VALUE!
A87: мінус значні нетипові операційні доходи, рядок 1072 | B87: 1304 | C87: =C51 -> 0 | D87: =D51 -> 0 | E87: =E51 -> 0 | F87: =F51 -> 0 | H87: =(F87/E87)*100 -> #DIV/0!
A88: плюс значні нетипові операційні витрати, рядок 1082 | B88: 1305 | C88: =C55 -> ( ) | D88: =D55 -> ( ) | E88: =E55 -> ( ) | F88: =F55 -> ( ) | G88: =F88-E88 -> #VALUE! | H88: =(F88/E88)*100 -> #VALUE!
A89: EBITDA | B89: 1310 | C89: =C83+C84-C85-C86-C87-C88 -> #VALUE! | D89: =D83+D84-D85-D86-D87-D88 -> #VALUE! | E89: =E83+E84-E85-E86-E87-E88 -> #VALUE! | F89: =F83+F84-F85-F86-F87-F88 -> #VALUE! | G89: =F89-E89 -> #VALUE! | H89: =(F89/E89)*100 -> #VALUE!
A90: Елементи операційних витрат
A91: Матеріальні витрати, у тому числі: | B91: 1400 | C91: 1090 | D91: 1219 | F91: 1219 | G91: =F91-E91 -> 1219 | H91: =(F91/E91)*100 -> #DIV/0!
A92: витрати на сировину та основні матеріали | B92: 1401 | C92: 465 | D92: 710 | F92: 710 | G92: =F92-E92 -> 710 | H92: =(F92/E92)*100 -> #DIV/0!
A93: витрати на паливо та енергію | B93: 1402 | C93: 445 | D93: 509 | F93: 509 | G93: =F93-E93 -> 509 | H93: =(F93/E93)*100 -> #DIV/0!
A94: Витрати на оплату праці | B94: 1410 | C94: 2537 | D94: 2672 | F94: 2672 | G94: =F94-E94 -> 2672 | H94: =(F94/E94)*100 -> #DIV/0!
A95: Відрахування на соціальні заходи | B95: 1420 | C95: 558 | D95: 588 | F95: 588 | G95: =F95-E95 -> 588 | H95: =(F95/E95)*100 -> #DIV/0!
A96: Амортизація | B96: 1430 | G96: =F96-E96 -> 0 | H96: =(F96/E96)*100 -> #DIV/0!
A97: Інші операційні витрати | B97: 1440 | C97: 8045 | D97: 13498 | F97: 13498 | G97: =F97-E97 -> 13498 | H97: =(F97/E97)*100 -> #DIV/0!
A98: Усього | B98: 1450 | C98: =SUM(C91,C94:C97) -> 12230 | D98: =SUM(D91,D94:D97) -> 17977 | E98: =SUM(E91,E94:E97) -> 0 | F98: =SUM(F91,F94:F97) -> 17977 | G98: =F98-E98 -> 17977 | H98: =(F98/E98)*100 -> #DIV/0!
A102: Керівник _____________________________________ | C102: _____________________________ | F102: ________________________________________________
A103: (посада) | C103: (підпис) | F103: (ініціали, прізвище)

Sheet ІІ. Розр. з бюджетом
A1: IІ. Розрахунки з бюджетом
A3: Найменування показника | B3: Код рядка | C3: Факт наростаючим підсумком з початку року | E3: Звітний період (рік)
C4: минулий рік | D4: поточний рік | E4: план | F4: факт | G4: відхилення, +/– | H4: виконання, %
A5: 1 | B5: 2 | C5: 3 | D5: 4 | E5: 5 | F5: 6 | G5: 7 | H5: 8
A6: Розподіл чистого прибутку
A7: Залишок нерозподіленого прибутку (непокритого збитку) на початок звітного періоду | B7: 2000 | C7: 501 | D7: 608 | E7: 102 | F7: 608 | G7: =F7-E7 -> 506 | H7: =(F7/E7)*100 -> 596.07843
A8: Нараховані до сплати відрахування частини чистого прибутку, усього, у тому числі: | B8: 2010 | C8: =SUM(C9:C10) -> 0 | D8: =SUM(D9:D10) -> 0 | E8: =SUM(E9:E10) -> 0 | F8: =SUM(F9:F10) -> 0 | G8: =F8-E8 -> 0 | H8: =(F8/E8)*100 -> #DIV/0!
A9: державними унітарними підприємствами та їх об'єднаннями до державного бюджету | B9: 2011 | C9: ( ) | D9: ( ) | E9: ( ) | F9: ( ) | G9: =F9-E9 -> #VALUE! | H9: =(F9/E9)*100 -> #VALUE!
A10: господарськими товариствами, у статутному капіталі яких більше 50 відсотків акцій (часток, паїв) належать державі, на виплату дивідендів | B10: 2012 | C10: ( ) | D10: ( ) | E10: ( ) | F10: ( ) | G10: =F10-E10 -> #VALUE! | H10: =(F10/E10)*100 -> #VALUE!
A11: у тому числі на державну частку | B11: 2012/1 | C11: ( ) | D11: ( ) | E11: ( ) | F11: ( ) | G11: =F11-E11 -> #VALUE! | H11: =(F11/E11)*100 -> #VALUE!
A12: Перенесено з додаткового капіталу | B12: 2020 | G12: =F12-E12 -> 0 | H12: =(F12/E12)*100 -> #DIV/0!
A13: Розвиток виробництва | B13: 2030 | C13: ( ) | D13: ( ) | E13: ( ) | F13: ( ) | G13: =F13-E13 -> #VALUE! | H13: =(F13/E13)*100 -> #VALUE!
A14: у тому числі за основними видами діяльності за КВЕД | B14: 2031 | C14: ( ) | D14: ( ) | E14: ( ) | F14: ( ) | G14: =F14-E14 -> #VALUE! | H14: =(F14/E14)*100 -> #VALUE!
A15: Резервний фонд | B15: 2040 | C15: ( ) | D15: ( ) | E15: ( ) | F15: ( ) | G15: =F15-E15 -> #VALUE! | H15: =(F15/E15)*100 -> #VALUE!
A16: Інші фонди (розшифрувати) | B16: 2050 | C16: ( ) | D16: ( ) | E16: ( ) | F16: ( ) | G16: =F16-E16 -> #VALUE! | H16: =(F16/E16)*100 -> #VALUE!
A17: Інші цілі (розшифрувати) | B17: 2060 | C17: ( ) | D17: ( ) | E17: ( ) | F17: ( ) | G17: =F17-E17 -> #VALUE! | H17: =(F17/E17)*100 -> #VALUE!
A18: Залишок нерозподіленого прибутку (непокритого збитку) на кінець звітного періоду | B18: 2070 | C18: 605 | D18: 696 | E18: 265 | F18: 696 | G18: =F18-E18 -> 431 | H18: =(F18/E18)*100 -> 262.64151
A19: Сплата податків, зборів та інших обов'язкових платежів
A20: Сплата податків та зборів до Державного бюджету України (податкові платежі), усього, у тому числі: | B20: 2110 | C20: 23 | D20: 19 | E20: 15 | F20: 19 | G20: =F20-E20 -> 4 | H20: =(F20/E20)*100 -> 126.66667
A21: податок на прибуток підприємств | B21: 2111 | C21: 23 | D21: 19 | E21: 15 | F21: 19 | G21: =F21-E21 -> 4 | H21: =(F21/E21)*100 -> 126.66667
A22: ПДВ, що підлягає сплаті до бюджету за підсумками звітного періоду | B22: 2112 | G22: =F22-E22 -> 0 | H22: =(F22/E22)*100 -> #DIV/0!
A23: ПДВ, що підлягає відшкодуванню з бюджету за підсумками звітного періоду | B23: 2113 | C23: ( ) | D23: ( ) | E23: ( ) | F23: ( ) | G23: =F23-E23 -> #VALUE! | H23: =(F23/E23)*100 -> #VALUE!
A24: акцизний податок | B24: 2114 | G24: =F24-E24 -> 0 | H24: =(F24/E24)*100 -> #DIV/0!
A25: відрахування частини чистого прибутку державними унітарними підприємствами та їх об'єднаннями | B25: 2115 | G25: =F25-E25 -> 0 | H25: =(F25/E25)*100 -> #DIV/0!
A26: рентна плата за транспортування | B26: 2116 | G26: =F26-E26 -> 0 | H26: =(F26/E26)*100 -> #DIV/0!
A27: рентна плата за користування надрами | B27: 2117 | G27: =F27-E27 -> 0 | H27: =(F27/E27)*100 -> #DIV/0!
A28: податок на доходи фізичних осіб | B28: 2118 | G28: =F28-E28 -> 0 | H28: =(F28/E28)*100 -> #DIV/0!
A29: інші податки та збори (розшифрувати) | B29: 2119 | G29: =F29-E29 -> 0 | H29: =(F29/E29)*100 -> #DIV/0!
A30: Сплата податків та зборів до місцевих бюджетів (податкові платежі), усього, у тому числі: | B30: 2120 | C30: 16 | E30: 20 | G30: =F30-E30 -> -20 | H30: =(F30/E30)*100 -> 0
A31: податок на доходи фізичних осіб | B31: 2121 | H31: =(F31/E31)*100 -> #DIV/0!
A32: земельний податок | B32: 2122 | C32: 16 | E32: 20 | H32: =(F32/E32)*100 -> 0
A33: орендна плата | B33: 2123 | H33: =(F33/E33)*100 -> #DIV/0!
A34: інші податки та збори (розшифрувати) | B34: 2124 | G34: =F34-E34 -> 0 | H34: =(F34/E34)*100 -> #DIV/0!
A35: Інші податки, збори та платежі на користь держави, усього, у тому числі: | B35: 2130 | D35: =SUM(D36:D39) -> 0 | E35: =SUM(E36:E39) -> 0 | F35: =SUM(F36:F39) -> 0 | G35: =F35-E35 -> 0 | H35: =(F35/E35)*100 -> #DIV/0!
A36: відрахування частини чистого прибутку господарськими товариствами, у статутному капіталі яких більше 50 відсотків акцій (часток, паїв) належать державі, на виплату дивідендів на державну частку | B36: 2131 | G36: =F36-E36 -> 0 | H36: =(F36/E36)*100 -> #DIV/0!
A37: митні платежі | B37: 2132 | G37: =F37-E37 -> 0 | H37: =(F37/E37)*100 -> #DIV/0!
A38: єдиний внесок на загальнообов'язкове державне соціальне страхування | B38: 2133 | G38: =F38-E38 -> 0 | H38: =(F38/E38)*100 -> #DIV/0!
A39: інші податки, збори та платежі (розшифрувати) | B39: 2134 | H39: =(F39/E39)*100 -> #DIV/0!
A40: Погашення податкового боргу, усього, у тому числі: | B40: 2140 | C40: =SUM(C41:C42) -> 0 | D40: =SUM(D41:D42) -> 0 | E40: =SUM(E41:E42) -> 0 | F40: =SUM(F41:F42) -> 0 | H40: =(F40/E40)*100 -> #DIV/0!
A41: погашення реструктуризованих та відстрочених сум, що підлягають сплаті в поточному році до бюджетів та державних цільових фондів | B41: 2141 | H41: =(F41/E41)*100 -> #DIV/0!
A42: інші (штрафи, пені, неустойки) (розшифрувати) | B42: 2142 | G42: =F42-E42 -> 0 | H42: =(F42/E42)*100 -> #DIV/0!
A43: Усього виплат на користь держави | B43: 2200 | C43: 39 | D43: 19 | E43: 35 | F43: 19 | G43: =F43-E43 -> -16 | H43: =(F43/E43)*100 -> 54.285714
A47: Керівник _____________________________________ | C47: __________________________ | F47: _______________________________
A48: (посада) | C48: (підпис) | F48: (ініціали, прізвище)

Sheet ІІІ. Рух грош. коштів(рознести 
A1: ІІІ. Рух грошових коштів (за прямим методом)
A3: Найменування показника | B3: Код рядка | C3: Факт наростаючим підсумком з початку року | E3: Звітний період (рік)
C4: минулий рік | D4: поточний рік | E4: план | F4: факт | G4: відхилення, +/– | H4: виконання, %
A5: 1 | B5: 2 | C5: 3 | D5: 4 | E5: 5 | F5: 6 | G5: 7 | H5: 8
A6: І. Рух коштів у результаті операційної діяльності
A7: Надходження грошових коштів від операційної діяльності | B7: 3000 | C7: 18670 | D7: 16199 | E7: 12967 | F7: 16199 | G7: =F7-E7 -> 3232 | H7: =(F7/E7)*100 -> 124.92481
A8: Виручка від реалізації продукції (товарів, робіт, послуг) | B8: 3010 | C8: 4387 | D8: 4685 | F8: 4685 | G8: =F8-E8 -> 4685 | H8: =(F8/E8)*100 -> #DIV/0!
A9: Повернення податків і зборів, у тому числі: | B9: 3020 | G9: =F9-E9 -> 0 | H9: =(F9/E9)*100 -> #DIV/0!
A10: податку на додану вартість | B10: 3021 | G10: =F10-E10 -> 0 | H10: =(F10/E10)*100 -> #DIV/0!
A11: Цільове фінансування (розшифрувати) Програма благоустрою та розвитку комунальної інфраструктури м. Ужгород на 2018-2022 роки | B11: 3030 | C11: 14215 | D11: 11482 | E11: 12967 | F11: 11482 | G11: =F11-E11 -> -1485 | H11: =(F11/E11)*100 -> 88.547852
A12: Надходження авансів від покупців і замовників | B12: 3040 | G12: =F12-E12 -> 0 | H12: =(F12/E12)*100 -> #DIV/0!
A13: Отримання коштів за короткостроковими зобов'язаннями, у тому числі: | B13: 3050 | C13: =SUM(C14:C16) -> 0 | D13: =SUM(D14:D16) -> 0 | E13: =SUM(E14:E16) -> 0 | F13: =SUM(F14:F16) -> 0 | G13: =F13-E13 -> 0 | H13: =(F13/E13)*100 -> #DIV/0!
A14: кредити | B14: 3051 | G14: =F14-E14 -> 0 | H14: =(F14/E14)*100 -> #DIV/0!
A15: позики | B15: 3052 | G15: =F15-E15 -> 0 | H15: =(F15/E15)*100 -> #DIV/0!
A16: облігації | B16: 3053 | G16: =F16-E16 -> 0 | H16: =(F16/E16)*100 -> #DIV/0!
A17: Інші надходження (розшифрувати) відсотки по депозиту | B17: 3060 | C17: 68 | D17: 31 | F17: 31 | G17: =F17-E17 -> 31 | H17: =(F17/E17)*100 -> #DIV/0!
A18: Видатки грошових коштів від операційної діяльності | B18: 3100 | C18: -12198 | D18: -14980 | E18: -11050 | F18: -14980 | G18: =F18-E18 -> -3930 | H18: =(F18/E18)*100 -> 135.56561
A19: Розрахунки за продукцію (товари, роботи та послуги) | B19: 3110 | C19: -5266 | D19: -5431 | E19: -6150 | F19: -5431 | G19: =F19-E19 -> 719 | H19: =(F19/E19)*100 -> 88.308943
A20: Розрахунки з оплати праці | B20: 3120 | C20: -6932 | D20: -9549 | E20: -4900 | F20: 9549 | G20: =F20-E20 -> 14449 | H20: =(F20/E20)*100 -> -194.87755
A21: Повернення коштів за короткостроковими зобов'язаннями, у тому числі: | B21: 3130 | C21: =SUM(C22:C24) -> 0 | D21: =SUM(D22:D24) -> 0 | E21: =SUM(E22:E24) -> 0 | F21: =SUM(F22:F24) -> 0 | G21: =F21-E21 -> 0 | H21: =(F21/E21)*100 -> #DIV/0!
A22: кредити | B22: 3131 | C22: ( ) | D22: ( ) | E22: ( ) | F22: ( ) | G22: =F22-E22 -> #VALUE! | H22: =(F22/E22)*100 -> #VALUE!
A23: позики | B23: 3132 | C23: ( ) | D23: ( ) | E23: ( ) | F23: ( ) | G23: =F23-E23 -> #VALUE! | H23: =(F23/E23)*100 -> #VALUE!
A24: облігації | B24: 3133 | C24: ( ) | D24: ( ) | E24: ( ) | F24: ( ) | G24: =F24-E24 -> #VALUE! | H24: =(F24/E24)*100 -> #VALUE!
A25: Зобов’язання з податків, зборів та інших обов’язкових платежів, у тому числі: | B25: 3140 | C25: =SUM(C26:C31,C34) -> 0 | D25: =SUM(D26:D31,D34) -> 0 | E25: =SUM(E26:E31,E34) -> 0 | F25: =SUM(F26:F31,F34) -> 0 | G25: =F25-E25 -> 0 | H25: =(F25/E25)*100 -> #DIV/0!
A26: податок на прибуток підприємств | B26: 3141 | C26: ( ) | D26: ( ) | E26: ( ) | F26: ( ) | G26: =F26-E26 -> #VALUE! | H26: =(F26/E26)*100 -> #VALUE!
A27: податок на додану вартість | B27: 3142 | C27: ( ) | D27: ( ) | E27: ( ) | F27: ( ) | G27: =F27-E27 -> #VALUE! | H27: =(F27/E27)*100 -> #VALUE!
A28: акцизний податок | B28: 3143 | C28: ( ) | D28: ( ) | E28: ( ) | F28: ( ) | G28: =F28-E28 -> #VALUE! | H28: =(F28/E28)*100 -> #VALUE!
A29: рентна плата | B29: 3144 | C29: ( ) | D29: ( ) | E29: ( ) | F29: ( ) | G29: =F29-E29 -> #VALUE! | H29: =(F29/E29)*100 -> #VALUE!
A30: податок на доходи фізичних осіб | B30: 3145 | C30: ( ) | D30: ( ) | E30: ( ) | F30: ( ) | G30: =F30-E30 -> #VALUE! | H30: =(F30/E30)*100 -> #VALUE!
A31: інші обов’язкові платежі, у тому числі: | B31: 3146 | C31: =SUM(C32,C33) -> 0 | D31: =SUM(D32,D33) -> 0 | E31: =SUM(E32,E33) -> 0 | F31: =SUM(F32,F33) -> 0 | G31: =F31-E31 -> 0 | H31: =(F31/E31)*100 -> #DIV/0!
A32: відрахування частини чистого прибутку державними підприємствами | B32: 3146/1 | C32: ( ) | D32: ( ) | E32: ( ) | F32: ( ) | G32: =F32-E32 -> #VALUE! | H32: =(F32/E32)*100 -> #VALUE!
A33: відрахування частини чистого прибутку до фонду на виплату дивідендів на державну частку господарськими товариствами | B33: 3146/2 | C33: ( ) | D33: ( ) | E33: ( ) | F33: ( ) | G33: =F33-E33 -> #VALUE! | H33: =(F33/E33)*100 -> #VALUE!
A34: інші платежі (розшифрувати) | B34: 3150 | C34: ( ) | D34: ( ) | E34: ( ) | F34: ( ) | G34: =F34-E34 -> #VALUE! | H34: =(F34/E34)*100 -> #VALUE!
A35: Повернення коштів до бюджету | B35: 3160 | C35: ( ) | D35: ( ) | E35: ( ) | F35: ( ) | G35: =F35-E35 -> #VALUE! | H35: =(F35/E35)*100 -> #VALUE!
A36: Інші витрати (розшифрувати) | B36: 3170 | C36: ( ) | D36: ( ) | E36: ( ) | F36: ( ) | G36: =F36-E36 -> #VALUE! | H36: =(F36/E36)*100 -> #VALUE!
A37: Чистий рух коштів від операційної діяльності | B37: 3195 | C37: -6472 | D37: -1218 | E37: -35.2 | F37: -1218 | G37: =F37-E37 -> -1182.8 | H37: =(F37/E37)*100 -> 3460.2273
A38: II. Рух коштів у результаті інвестиційної діяльності | G38: =F38-E38 -> 0 | H38: =(F38/E38)*100 -> #DIV/0!
A39: Надходження грошових коштів від інвестиційної діяльності | B39: 3200 | C39: =SUM(C40:C43) -> 0 | D39: =SUM(D40:D43) -> 0 | E39: =SUM(E40:E43) -> 0 | F39: =SUM(F40:F43) -> 0 | G39: =F39-E39 -> 0 | H39: =(F39/E39)*100 -> #DIV/0!
A40: Виручка від реалізації фінансових інвестицій | B40: 3210 | G40: =F40-E40 -> 0 | H40: =(F40/E40)*100 -> #DIV/0!
A41: Виручка від реалізації необоротних активів | B41: 3220 | G41: =F41-E41 -> 0 | H41: =(F41/E41)*100 -> #DIV/0!
A42: Надходження від продажу акцій та облігацій | B42: 3230 | G42: =F42-E42 -> 0 | H42: =(F42/E42)*100 -> #DIV/0!
A43: Інші надходження (розшифрувати) | B43: 3240 | G43: =F43-E43 -> 0 | H43: =(F43/E43)*100 -> #DIV/0!
A44: Видатки грошових коштів від інвестиційної діяльності | B44: 3255 | C44: -6819 | D44: -1456 | E44: -4990 | F44: -1456 | G44: =F44-E44 -> 3534 | H44: =(F44/E44)*100 -> 29.178357
A45: Придбання (створення) основних засобів (розшифрувати) | B45: 3260 | C45: -6819 | D45: -130 | E45: ( ) | F45: -130 | G45: =F45-E45 -> #VALUE! | H45: =(F45/E45)*100 -> #VALUE!
A46: Капітальне будівництво (розшифрувати) | B46: 3265 | C46: ( ) | D46: ( ) | E46: ( ) | F46: ( ) | G46: =F46-E46 -> #VALUE! | H46: =(F46/E46)*100 -> #VALUE!
A47: Придбання (створення) нематеріальних активів (розшифрувати) | B47: 3270 | C47: ( ) | D47: ( ) | E47: ( ) | F47: ( ) | G47: =F47-E47 -> #VALUE! | H47: =(F47/E47)*100 -> #VALUE!
A48: Придбання акцій та облігацій | B48: 3275 | C48: ( ) | D48: ( ) | E48: ( ) | F48: ( ) | G48: =F48-E48 -> #VALUE! | H48: =(F48/E48)*100 -> #VALUE!
A49: Інші витрати (розшифрувати) капітальний ремонт | B49: 3280 | C49: ( ) | D49: -57 | E49: ( ) | F49: ( ) | G49: =F49-E49 -> #VALUE! | H49: =(F49/E49)*100 -> #VALUE!
A50: Чистий рух коштів від інвестиційної діяльності | B50: 3295 | C50: -6819 | D50: -1456 | E50: -4990 | F50: -1456 | G50: =F50-E50 -> 3534 | H50: =(F50/E50)*100 -> 29.178357
A51: III. Рух коштів у результаті фінансової діяльності | G51: =F51-E51 -> 0 | H51: =(F51/E51)*100 -> #DIV/0!
A52: Надходження грошових коштів від фінансової діяльності | B52: 3300 | C52: =SUM(C53,C54,C58) -> 0 | D52: =SUM(D53,D54,D58) -> 0 | E52: -4990 | F52: =SUM(F53,F54,F58) -> 0 | G52: =F52-E52 -> 4990 | H52: =(F52/E52)*100 -> 0
A53: Надходження від власного капіталу | B53: 3310 | E53: -4990 | G53: =F53-E53 -> 4990 | H53: =(F53/E53)*100 -> 0
A54: Отримання коштів за довгостроковими зобов'язаннями, у тому числі: | B54: 3320 | C54: =SUM(C55:C57) -> 0 | D54: =SUM(D55:D57) -> 0 | E54: =SUM(E55:E57) -> 0 | F54: =SUM(F55:F57) -> 0 | G54: =F54-E54 -> 0 | H54: =(F54/E54)*100 -> #DIV/0!
A55: кредити | B55: 3321 | G55: =F55-E55 -> 0 | H55: =(F55/E55)*100 -> #DIV/0!
A56: позики | B56: 3322 | G56: =F56-E56 -> 0 | H56: =(F56/E56)*100 -> #DIV/0!
A57: облігації | B57: 3323 | G57: =F57-E57 -> 0 | H57: =(F57/E57)*100 -> #DIV/0!
A58: Інші надходження (розшифрувати) | B58: 3340 | G58: =F58-E58 -> 0 | H58: =(F58/E58)*100 -> #DIV/0!
A59: Видатки грошових коштів від фінансової діяльності | B59: 3345 | C59: =SUM(C60,C61,C65,C66) -> 0 | D59: =SUM(D60,D61,D65,D66) -> 0 | E59: =SUM(E60,E61,E65,E66) -> 0 | F59: =SUM(F60,F61,F65,F66) -> 0 | G59: =F59-E59 -> 0 | H59: =(F59/E59)*100 -> #DIV/0!
A60: Витрачання на викуп власних акцій | B60: 3350 | C60: ( ) | D60: ( ) | E60: ( ) | F60: ( ) | G60: =F60-E60 -> #VALUE! | H60: =(F60/E60)*100 -> #VALUE!
A61: Повернення коштів за довгостроковими зобов'язаннями, у тому числі: | B61: 3360 | C61: =SUM(C62:C64) -> 0 | D61: =SUM(D62:D64) -> 0 | E61: =SUM(E62:E64) -> 0 | F61: =SUM(F62:F64) -> 0 | G61: =F61-E61 -> 0 | H61: =(F61/E61)*100 -> #DIV/0!
A62: кредити | B62: 3361 | C62: ( ) | D62: ( ) | E62: ( ) | F62: ( ) | G62: =F62-E62 -> #VALUE! | H62: =(F62/E62)*100 -> #VALUE!
A63: позики | B63: 3362 | C63: ( ) | D63: ( ) | E63: ( ) | F63: ( ) | G63: =F63-E63 -> #VALUE! | H63: =(F63/E63)*100 -> #VALUE!
A64: облігації | B64: 3363 | C64: ( ) | D64: ( ) | E64: ( ) | F64: ( ) | G64: =F64-E64 -> #VALUE! | H64: =(F64/E64)*100 -> #VALUE!
A65: Сплата дивідендів | B65: 3370 | C65: ( ) | D65: ( ) | E65: ( ) | F65: ( ) | G65: =F65-E65 -> #VALUE! | H65: =(F65/E65)*100 -> #VALUE!
A66: Інші витрати (розшифрувати) | B66: 3380 | C66: ( ) | D66: ( ) | E66: ( ) | F66: ( ) | G66: =F66-E66 -> #VALUE! | H66: =(F66/E66)*100 -> #VALUE!
A67: Чистий рух коштів від фінансової діяльності | B67: 3395 | C67: =SUM(C52,C59) -> 0 | D67: =SUM(D52,D59) -> 0 | E67: =SUM(E52,E59) -> -4990 | F67: =SUM(F52,F59) -> 0 | G67: =F67-E67 -> 4990 | H67: =(F67/E67)*100 -> 0
A68: Чистий грошовий потік | B68: 3400 | C68: -348 | D68: -238 | E68: -110 | F68: -238 | G68: =F68-E68 -> -128 | H68: =(F68/E68)*100 -> 216.36364
A69: Залишок коштів на початок періоду | B69: 3405 | C69: 996 | D69: 649 | E69: 260 | F69: 649 | G69: =F69-E69 -> 389 | H69: =(F69/E69)*100 -> 249.61538
A70: Вплив зміни валютних курсів на залишок коштів | B70: 3410 | G70: =F70-E70 -> 0 | H70: =(F70/E70)*100 -> #DIV/0!
A71: Залишок коштів на кінець періоду | B71: 3415 | C71: 648.6 | D71: 411 | E71: 370 | F71: 411 | G71: =F71-E71 -> 41 | H71: =(F71/E71)*100 -> 111.08108
A73: Керівник _____________________________________ | C73: __________________________ | F73: ________________________________________
A74: (посада) | C74: (підпис) | F74: (ініціали, прізвище)

Sheet IV. Кап. інвестиції
A3: Найменування показника | B3: Код рядка | C3: Факт наростаючим підсумком з початку року | E3: Звітний період (рік)
C4: минулий рік | D4: поточний рік | E4: план | F4: факт | G4: відхилення, +/– | H4: виконання, %
A5: 1 | B5: 2 | C5: 3 | D5: 4 | E5: 5 | F5: 6 | G5: 7 | H5: 8
A6: Капітальні інвестиції, усього, у тому числі: | B6: 4000 | D6: 1456 | E6: 4990 | F6: 1456 | G6: =F6-E6 -> -3534 | H6: =(F6/E6)*100 -> 29.178357
A7: капітальне будівництво | B7: 4010 | G7: =F7-E7 -> 0 | H7: =(F7/E7)*100 -> #DIV/0!
A8: придбання (виготовлення) основних засобів | B8: 4020 | D8: 130 | E8: 4990 | F8: 130 | G8: =F8-E8 -> -4860 | H8: =(F8/E8)*100 -> 2.6052104
A9: придбання (виготовлення) інших необоротних матеріальних активів | B9: 4030 | G9: =F9-E9 -> 0 | H9: =(F9/E9)*100 -> #DIV/0!
A10: придбання (створення) нематеріальних активів | B10: 4040 | G10: =F10-E10 -> 0 | H10: =(F10/E10)*100 -> #DIV/0!
A11: модернізація, модифікація (добудова, дообладнання, реконструкція) основних засобів | B11: 4050 | G11: =F11-E11 -> 0 | H11: =(F11/E11)*100 -> #DIV/0!
A12: капітальний ремонт | B12: 4060 | D12: 1326 | F12: 1326 | G12: =F12-E12 -> 1326 | H12: =(F12/E12)*100 -> #DIV/0!
A16: Керівник ____________________________________________________ | C16: __________________________ | F16: _____________________________________________________
A17: (посада) | C17: (підпис) | F17: (ініціали, прізвище)

Sheet  V. Коефіцієнти
A1: V. Коефіцієнтний аналіз
A3: Найменування показника | B3: Код рядка | C3: Оптимальне значення | D3: Факт наростаючим підсумком з початку року | F3: Звітний період (рік) | H3: Примітки
D4: минулий рік | E4: поточний рік | F4: минулий рік | G4: поточний рік
A5: 1 | B5: 2 | C5: 3 | D5: 4 | E5: 5 | F5: 6 | G5: 7 | H5: 8
A6: Коефіцієнти рентабельності та прибутковості
A7: Валова рентабельність (валовий прибуток, рядок 1020 / чистий дохід від реалізації продукції (товарів, робіт, послуг), рядок 1000) х 100, % | B7: 5000 | C7: Збільшення | D7: =('Осн. фін. пок.'!C30/'Осн. фін. пок.'!C28)*100 -> 4.6045133 | E7: =('Осн. фін. пок.'!D30/'Осн. фін. пок.'!D28)*100 -> 4.4183565
A8: Рентабельність EBITDA (EBITDA, рядок 1310 / чистий дохід від реалізації продукції (товарів, робіт, послуг), рядок 1000) х 100, % | B8: 5010 | C8: Збільшення | D8: =('Осн. фін. пок.'!C45/'Осн. фін. пок.'!C28)*100 -> #VALUE! | E8: =('Осн. фін. пок.'!D45/'Осн. фін. пок.'!D28)*100 -> #VALUE!
A9: Рентабельність активів (чистий фінансовий результат, рядок 1200 / вартість активів, рядок 6020) х 100, % | B9: 5020 | C9: Збільшення | D9: =('Осн. фін. пок.'!C60/'Осн. фін. пок.'!C136)*100 -> 0.80457992 | E9: =('Осн. фін. пок.'!D60/'Осн. фін. пок.'!D136)*100 -> 0.6726286 | H9: Характеризує ефективність використання активів підприємства
A10: Рентабельність власного капіталу (чистий фінансовий результат, рядок 1200 / власний капітал, рядок 6080) х 100, % | B10: 5030 | C10: Збільшення | D10: =('Осн. фін. пок.'!C60/'Осн. фін. пок.'!C142)*100 -> 0.80620155 | E10: =('Осн. фін. пок.'!D60/'Осн. фін. пок.'!D142)*100 -> 0.67360686
A11: Рентабельність діяльності (чистий фінансовий результат, рядок 1200 / чистий дохід від реалізації продукції (товарів, робіт, послуг), рядок 1000) х 100, % | B11: 5040 | C11: Збільшення | D11: =('Осн. фін. пок.'!C60/'Осн. фін. пок.'!C28)*100 -> 2.3706405 | E11: =('Осн. фін. пок.'!D60/'Осн. фін. пок.'!D28)*100 -> 1.8783351 | H11: Характеризує ефективність господарської діяльності підприємства
A12: Коефіцієнти фінансової стійкості та ліквідності
A13: Коефіцієнт відношення боргу до EBITDA (довгострокові зобов'язання, рядок 6030 + поточні зобов'язання, рядок 6040) / EBITDA, рядок 1310 | B13: 5100 | D13: =('Осн. фін. пок.'!C137+'Осн. фін. пок.'!C138)/'Осн. фін. пок.'!C45 -> #VALUE! | E13: =('Осн. фін. пок.'!D137+'Осн. фін. пок.'!D138)/'Осн. фін. пок.'!D45 -> #VALUE!
A14: Коефіцієнт фінансової стійкості (власний капітал, рядок 6080 / (довгострокові зобов'язання, рядок 6030 + поточні зобов'язання, рядок 6040)) | B14: 5110 | C14: > 1 | D14: ='Осн. фін. пок.'!C142/('Осн. фін. пок.'!C137+'Осн. фін. пок.'!C138) -> 516 | E14: ='Осн. фін. пок.'!D142/('Осн. фін. пок.'!D137+'Осн. фін. пок.'!D138) -> 687.57895 | H14: Характеризує співвідношення власних та позикових коштів і залежність підприємства від зовнішніх фінансових джерел
A15: Коефіцієнт поточної ліквідності (покриття) (оборотні активи, рядок 6010 / поточні зобов'язання, рядок 6040) | B15: 5120 | C15: > 1 | D15: ='Осн. фін. пок.'!C134/'Осн. фін. пок.'!C138 -> 155.68 | E15: ='Осн. фін. пок.'!D134/'Осн. фін. пок.'!D138 -> 245.84211 | H15: Показує достатність ресурсів підприємства, які може бути використано для погашення його поточних зобов'язань. Нормативним значенням для цього показника є > 1–1,5
A16: Аналіз капітальних інвестицій
A17: Коефіцієнт відношення капітальних інвестицій до амортизації (капітальні інвестиції, рядок 4000 / амортизація, рядок 1430) | B17: 5200 | D17: ='Осн. фін. пок.'!C111/'Осн. фін. пок.'!C72 -> 0 | E17: ='Осн. фін. пок.'!D111/'Осн. фін. пок.'!D72 -> 3.2572707
A18: Коефіцієнт відношення капітальних інвестицій до чистого доходу від реалізації продукції (товарів, робіт, послуг) (капітальні інвестиції, рядок 4000 / чистий дохід від реалізації продукції (товарів, робіт, послуг), рядок 1000) | B18: 5210 | D18: ='Осн. фін. пок.'!C111/'Осн. фін. пок.'!C28 -> 0 | E18: ='Осн. фін. пок.'!D111/'Осн. фін. пок.'!D28 -> 0.31077908
A19: Коефіцієнт зносу основних засобів (сума зносу, рядок 6003 / первісна вартість основних засобів, рядок 6002) | B19: 5220 | C19: Зменшення | D19: ='Осн. фін. пок.'!C133/'Осн. фін. пок.'!C132 -> -0.28891834 | E19: ='Осн. фін. пок.'!D133/'Осн. фін. пок.'!D132 -> -0.30864514 | H19: Характеризує інвестиційну політику підприємства
A20: Ковенанти/обмежувальні коефіцієнти
A21: Інші коефіцієнти/ковенанти, якщо такі передбачені умовами кредитних договорів, із зазначенням банку, валюти та суми зобов'язання на дату останньої звітності, строку погашення. У графі "Оптимальне значення" вказати граничне значення коефіцієнта | B21: 5300
A27: Керівник _____________________________________ | C27: __________________________ | F27: ______________________________________
A28: (посада) | C28: (підпис) | F28: (ініціали, прізвище)

Sheet 6.1. Інша інфо_1
A1: Інформація
A2: 9 місяців 2025 року
A3: __________________________________________________________________________________________________________________
A4: (найменування підприємства)
A5: 1. Дані про підприємство, персонал та витрати на оплату праці
A7: Загальна інформація про підприємство (резюме)
A9: Найменування показника | C9: Факт відповідного періоду минулого року | F9: План звітного періоду | I9: Факт звітного періоду | L9: Відхилення, +/– (Факт звітного періоду / План звітного періоду) | N9: Виконання, % (Факт звітного періоду / План звітного періоду)
A10: 1 | C10: 2 | F10: 3 | I10: 4 | L10: 5 | N10: 6
A11: Середня кількість працівників (штатних працівників, зовнішніх сумісників та працівників, що працюють за цивільно-правовими договорами), у тому числі: | C11: 35 | F11: 35 | I11: 36 | L11: =I11-F11 -> 1 | N11: =(I11/F11)*100 -> 102.85714
A12: директор | C12: 1 | F12: 1 | I12: 1 | L12: =I12-F12 -> 0 | N12: =(I12/F12)*100 -> 100
A13: адміністративно-управлінський персонал | C13: 3 | F13: 3 | I13: 4 | L13: =I13-F13 -> 1 | N13: =(I13/F13)*100 -> 133.33333
A14: працівники | C14: 31 | F14: 31 | I14: 31 | L14: =I14-F14 -> 0 | N14: =(I14/F14)*100 -> 100
A15: Фонд оплати праці, тис. грн, у тому числі: | C15: 3524 | F15: 5458 | I15: 9549 | L15: =I15-F15 -> 4091 | N15: =(I15/F15)*100 -> 174.9542
A16: директор | C16: 324 | F16: 328 | I16: 705 | L16: =I16-F16 -> 377 | N16: =(I16/F16)*100 -> 214.93902
A17: адміністративно-управлінський персонал | C17: 864 | F17: 750 | I17: 1668 | L17: =I17-F17 -> 918 | N17: =(I17/F17)*100 -> 222.4
A18: працівники | C18: 2336 | F18: 4380 | I18: 7176 | L18: =I18-F18 -> 2796 | N18: =(I18/F18)*100 -> 163.83562
A19: Витрати на оплату праці, тис. грн, у тому числі: | C19: 2537 | F19: 5458 | I19: 818 | L19: =I19-F19 -> -4640 | N19: =(I19/F19)*100 -> 14.987175
A20: директор | C20: 324 | F20: 328 | I20: 705 | L20: =I20-F20 -> 377 | N20: =(I20/F20)*100 -> 214.93902
A21: адміністративно-управлінський персонал | C21: 864 | F21: 750 | I21: 1608 | L21: =I21-F21 -> 858 | N21: =(I21/F21)*100 -> 214.4
A22: працівники | C22: 2336 | F22: 4380 | I22: 7176 | L22: =I22-F22 -> 2796 | N22: =(I22/F22)*100 -> 163.83562
... A26: працівники | C26: 6279.6 | F26: 16773 | I26: 19290 | L26: =I26-F26 -> 2517 | N26: =(I26/F26)*100 -> 115.00626
A28: У разі збільшення витрат на оплату праці у звітному періоді порівняно із запланованими та фактичними витратами відповідного періоду минулого року обов'язково надаються обґрунтування.
A30: 2. Перелік підприємств, які включені до консолідованого (зведеного) фінансового плану
A32: Код за ЄДРПОУ | B32: Найменування підприємства | F32: Вид діяльності
A33: 1 | B33: 2 | F33: 3
A40: 3. Інформація про бізнес підприємства (код рядка 1000 фінансового плану)
A42: Найменування видів діяльності за КВЕД | D42: План | G42: Факт | J42: Відхилення, +/– | M42: Виконання, %
D43: чистий дохід від реалізації продукції (товарів, робіт, послуг), тис. грн | E43: кількість продукції/ наданих послуг, одиниця виміру | F43: ціна одиниці (вартість продукції/ наданих послуг), грн | G43: чистий дохід від реалізації продукції (товарів, робіт, послуг), тис. грн | H43: кількість продукції/ наданих послуг, одиниця виміру | I43: ціна одиниці (вартість продукції/ наданих послуг), грн | J43: чистий дохід від реалізації продукції (товарів, робіт, послуг), тис. грн | K43: кількість продукції/ наданих послуг, одиниця виміру | L43: ціна одиниці (вартість продукції/ наданих послуг), грн | M43: чистий дохід від реалізації продукції (товарів, робіт, послуг) | N43: кількість продукції/ наданих послуг | O43: зміна ціни одиниці (вартості продукції/ наданих послуг)
A44: 1 | D44: 2 | E44: 3 | F44: 4 | G44: 5 | H44: 6 | I44: 7 | J44: 8 | K44: 9 | L44: 10 | M44: 11 | N44: 12 | O44: 13
J45: =G45-D45 -> 0 | K45: =H45-E45 -> 0 | L45: =I45-F45 -> 0 | M45: =(G45/D45)*100 -> #DIV/0! | N45: =(H45/E45)*100 -> #DIV/0! | O45: =(I45/F45)*100 -> #DIV/0!
J46: =G46-D46 -> 0 | K46: =H46-E46 -> 0 | L46: =I46-F46 -> 0 | M46: =(G46/D46)*100 -> #DIV/0! | N46: =(H46/E46)*100 -> #DIV/0! | O46: =(I46/F46)*100 -> #DIV/0!
J47: =G47-D47 -> 0 | K47: =H47-E47 -> 0 | L47: =I47-F47 -> 0 | M47: =(G47/D47)*100 -> #DIV/0! | N47: =(H47/E47)*100 -> #DIV/0! | O47: =(I47/F47)*100 -> #DIV/0!
J48: =G48-D48 -> 0 | K48: =H48-E48 -> 0 | L48: =I48-F48 -> 0 | M48: =(G48/D48)*100 -> #DIV/0! | N48: =(H48/E48)*100 -> #DIV/0! | O48: =(I48/F48)*100 -> #DIV/0!
A49: Усього | D49: =SUM(D45:D48) -> 0 | G49: =SUM(G45:G48) -> 0
A51: 4. Діючі фінансові зобов'язання підприємства
A53: Найменування банку | B53: Вид кредитного продукту та цільове призначення | D53: Сума, валюта за договорами | F53: Процентна ставка | H53: Дата видачі / погашення (графік) | K53: Заборгованість на останню дату | M53: Забезпечення
A54: 1 | B54: 2 | D54: 3 | F54: 4 | H54: 5 | K54: 6 | M54: 7
A59: Усього | B59: х | D59: х | F59: х | K59: =SUM(K55:L58) -> 0
A61: 5. Інформація щодо отримання та повернення залучених коштів
A63: Зобов'язання | D63: Заборгованість за кредитами на початок звітного періоду | F63: Отримано залучених коштів за звітний період | J63: Повернено залучених коштів за звітний період | N63: Заборгованість на кінець звітного періоду
F64: план | H64: факт | J64: план | L64: факт
A65: 1 | D65: 2 | F65: 3 | H65: 4 | J65: 5 | L65: 6 | N65: 7
A66: Довгострокові зобов'язання, усього | N66: =D66+H66-L66 -> 0
A67: у тому числі:
A69: Короткострокові зобов'язання, усього | N69: =D69+H69-L69 -> 0
A70: у тому числі:
A72: Інші фінансові зобов'язання, усього | N72: =D72+H72-L72 -> 0
A73: у тому числі:
A75: Усього | D75: =SUM(D66,D69,D72) -> 0 | F75: =SUM(F66,F69,F72) -> 0 | H75: =SUM(H66,H69,H72) -> 0 | J75: =SUM(J66,J69,J72) -> 0 | L75: =SUM(L66,L69,L72) -> 0 | N75: =D75+H75-L75 -> 0

Sheet 6.2. Інша інфо_2
C1: 6. Витрати, пов'язані з використанням власних службових автомобілів (у складі адміністративних витрат, рядок 1031)
A3: № з/п | B3: Марка | D3: Рік придбання | G3: Мета використання | R3: Витрати, усього | AA3: Відхилення, +/– (факт звітного періоду / план звітного періоду) | AD3: Виконання, % (факт звітного періоду / план звітного періоду)
R4: факт відповідного періоду минулого року | U4: план звітного періоду | X4: факт звітного періоду
A5: 1 | B5: 2 | D5: 3 | G5: 4 | R5: 5 | U5: 6 | X5: 7 | AA5: 8 | AD5: 9
AA6: =X6-U6 -> 0 | AD6: =(X6/U6)*100 -> #DIV/0!
AA7: =X7-U7 -> 0 | AD7: =(X7/U7)*100 -> #DIV/0!
AA8: =X8-U8 -> 0 | AD8: =(X8/U8)*100 -> #DIV/0!
AA9: =X9-U9 -> 0 | AD9: =(X9/U9)*100 -> #DIV/0!
A10: Усього | R10: =SUM(R6:R9) -> 0 | U10: =SUM(U6:U9) -> 0 | X10: =SUM(X6:X9) -> 0 | AA10: =X10-U10 -> 0 | AD10: =(X10/U10)*100 -> #DIV/0!
C13: 7. Витрати на оренду службових автомобілів (у складі адміністративних витрат, рядок 1032)
A15: № з/п | B15: Договір | D15: Марка | H15: Мета використання | P15: Дата початку оренди | R15: Витрати, усього | AA15: Відхилення, +/– (факт звітного періоду / план звітного періоду) | AD15: Виконання, % (факт звітного періоду / план звітного періоду)
R16: факт відповідного періоду минулого року | U16: план звітного періоду | X16: факт звітного періоду
A18: 1 | B18: 2 | D18: 3 | H18: 4 | P18: 5 | R18: 6 | U18: 7 | X18: 8 | AA18: 9 | AD18: 10
AA19: =X19-U19 -> 0 | AD19: =(X19/U19)*100 -> #DIV/0!
AA20: =X20-U20 -> 0 | AD20: =(X20/U20)*100 -> #DIV/0!
AA21: =X21-U21 -> 0 | AD21: =(X21/U21)*100 -> #DIV/0!
AA22: =X22-U22 -> 0 | AD22: =(X22/U22)*100 -> #DIV/0!
A23: Усього | R23: =SUM(R19:R22) -> 0 | U23: =SUM(U19:U22) -> 0 | X23: =SUM(X19:X22) -> 0 | AA23: =X23-U23 -> 0 | AD23: =(X23/U23)*100 -> #DIV/0!
C26: 8. Джерела капітальних інвестицій
AD27: тис. грн (без ПДВ)
A28: № з/п | B28: Найменування об’єкта | M28: Залучення кредитних коштів | Q28: Бюджетне фінансування | U28: Власні кошти (розшифрувати) | Y28: Інші джерела (розшифрувати) | AC28: Усього
M29: план | N29: факт | O29: відхилення, +/– | P29: виконання, % | Q29: план | R29: факт | S29: відхилення, +/– | T29: виконання, % | U29: план | V29: факт | W29: відхилення, +/– | X29: виконання, % | Y29: план | Z29: факт | AA29: відхилення, +/– | AB29: виконання, % | AC29: план | AD29: факт | AE29: відхилення, +/– | AF29: виконання, %
A31: 1 | B31: 2 | M31: 3 | N31: 4 | O31: 5 | P31: 6 | Q31: 7 | R31: 8 | S31: 9 | T31: 10 | U31: 11 | V31: 12 | W31: 13 | X31: 14 | Y31: 15 | Z31: 16 | AA31: 17 | AB31: 18 | AC31: 19 | AD31: 20 | AE31: 21 | AF31: 22
B32: Капітальний ремонт будинку громадських панахид по вул. Тихій в м. Ужгород | O32: =N32-M32 -> 0 | P32: =N32/M32*100 -> #DIV/0! | R32: 1326 | S32: =R32-Q32 -> 1326 | T32: =R32/Q32*100 -> #DIV/0! | W32: =V32-U32 -> 0 | X32: =V32/U32*100 -> #DIV/0! | AA32: =Z32-Y32 -> 0 | AB32: =Z32/Y32*100 -> #DIV/0! | AC32: =SUM(M32,Q32,U32,Y32) -> 0 | AD32: =SUM(N32,R32,V32,Z32) -> 1326 | AE32: =AD32-AC32 -> 1326 | AF32: =AD32/AC32*100 -> #DIV/0!
B33: Придбання кондиціонерів | O33: =N33-M33 -> 0 | P33: =N33/M33*100 -> #DIV/0! | R33: 100 | S33: 100 | T33: =R33/Q33*100 -> #DIV/0! | W33: =V33-U33 -> 0 | X33: =V33/U33*100 -> #DIV/0! | AA33: =Z33-Y33 -> 0 | AB33: =Z33/Y33*100 -> #DIV/0! | AC33: =SUM(M33,Q33,U33,Y33) -> 0 | AD33: =SUM(N33,R33,V33,Z33) -> 100 | AE33: =AD33-AC33 -> 100 | AF33: =AD33/AC33*100 -> #DIV/0!
B34: Придбання ноутбуку | O34: =N34-M34 -> 0 | P34: =N34/M34*100 -> #DIV/0! | S34: =R34-Q34 -> 0 | T34: =R34/Q34*100 -> #DIV/0! | V34: 30 | W34: =V34-U34 -> 30 | X34: =V34/U34*100 -> #DIV/0! | AA34: =Z34-Y34 -> 0 | AB34: =Z34/Y34*100 -> #DIV/0! | AC34: =SUM(M34,Q34,U34,Y34) -> 0 | AD34: =SUM(N34,R34,V34,Z34) -> 30 | AE34: =AD34-AC34 -> 30 | AF34: =AD34/AC34*100 -> #DIV/0!
O35: =N35-M35 -> 0 | P35: =N35/M35*100 -> #DIV/0! | S35: =R35-Q35 -> 0 | T35: =R35/Q35*100 -> #DIV/0! | W35: =V35-U35 -> 0 | X35: =V35/U35*100 -> #DIV/0! | AA35: =Z35-Y35 -> 0 | AB35: =Z35/Y35*100 -> #DIV/0! | AC35: =SUM(M35,Q35,U35,Y35) -> 0 | AD35: =SUM(N35,R35,V35,Z35) -> 0 | AE35: =AD35-AC35 -> 0 | AF35: =AD35/AC35*100 -> #DIV/0!
A36: Усього | M36: =SUM(M32:M35) -> 0 | N36: =SUM(N32:N35) -> 0 | O36: =SUM(O32:O35) -> 0 | P36: =N36/M36*100 -> #DIV/0! | Q36: =SUM(Q32:Q35) -> 0 | R36: =SUM(R32:R35) -> 1426 | S36: =SUM(S32:S35) -> 1426 | T36: =R36/Q36*100 -> #DIV/0! | U36: =SUM(U32:U35) -> 0 | V36: =SUM(V32:V35) -> 30 | W36: =SUM(W32:W35) -> 30 | X36: =V36/U36*100 -> #DIV/0! | Y36: =SUM(Y32:Y35) -> 0 | Z36: =SUM(Z32:Z35) -> 0 | AA36: =SUM(AA32:AA35) -> 0 | AB36: =Z36/Y36*100 -> #DIV/0! | AC36: =SUM(AC32:AC35) -> 0 | AD36: =SUM(AD32:AD35) -> 1456 | AE36: =SUM(AE32:AE35) -> 1456 | AF36: =AD36/AC36*100 -> #DIV/0!
A37: Відсоток | M37: =M36/AC36*100 -> #DIV/0! | N37: =N36/AD36*100 -> 0 | Q37: =Q36/AC36*100 -> #DIV/0! | R37: =R36/AD36*100 -> 97.93956 | U37: =U36/AC36*100 -> #DIV/0! | V37: =V36/AD36*100 -> 2.0604396 | Y37: =Y36/AC36*100 -> #DIV/0! | Z37: =Z36/AD36*100 -> 0 | AC37: =SUM(M37,Q37,U37,Y37) -> #DIV/0! | AD37: =SUM(N37,R37,V37,Z37) -> 100
C40: 9. Капітальне будівництво (рядок 4010 таблиці 4)
AD41: тис. грн (без ПДВ)
A42: № з/п | B42: Найменування об’єкта | D42: Рік початку і закінчення будівництва | F42: Загальна кошторисна вартість | H42: Первісна балансова вартість введених потужностей на початок звітного періоду | J42: Незавершене будівництво на початок звітного періоду | L42: Звітний період (рік) | V42: Інформація щодо проектно-кошторисної документації (стан розроблення, затвердження, у разі затвердження зазначити орган, яким затверджено, та відповідний документ) | AA42: Документ, яким затверджений титул будови, із зазначенням органу, який його погодив
L43: освоєння капітальних вкладень | N43: фінансування капітальних інвестицій (оплата грошовими коштами), усього | P43: у тому числі
P44: власні кошти | R44: кредитні кошти | T44: інші джерела (зазначити джерело)
A45: 1 | B45: 2 | D45: 3 | F45: 4 | H45: 5 | J45: 6 | L45: 7 | N45: 8 | P45: 9 | R45: 10 | T45: 11 | V45: 12 | AA45: 13
N46: =SUM(P46,R46,T46) -> 0
N47: =SUM(P47,R47,T47) -> 0
N48: =SUM(P48,R48,T48) -> 0
N49: =SUM(P49,R49,T49) -> 0
N50: =SUM(P50,R50,T50) -> 0
N51: =SUM(P51,R51,T51) -> 0
N52: =SUM(P52,R52,T52) -> 0
A53: Усього | F53: =SUM(F46:F52) -> 0 | H53: =SUM(H46:H52) -> 0 | J53: =SUM(J46:J52) -> 0 | L53: =SUM(L46:L52) -> 0 | N53: =SUM(N46:N52) -> 0 | P53: =SUM(P46:P52) -> 0 | R53: =SUM(R46:R52) -> 0 | T53: =SUM(T46:T52) -> 0
B58: Керівник ___________________________________________ | M58: __________________________________________________ | W58: __________________________________________________
B59: (посада) | M59: (підпис) | W59: (ініціали, прізвище)
